AoeStats
← brianon99

Arabia

510338734Analyzed
1v1 RM · 2d ago on Sep 30, 2026· 26m 19s· 2 players
Game mode
Random Map
Map size
Tiny (2 player)
Population
200
Speed
Normal
Resources
Standard
Victory
Conquest
Starting age
Dark Age
Ending age
Imperial Age
RankedLock teamsTeams togetherTeam positionsShared explorationLock speedFull tech treeHidden civsTurbo modeCheats
Victory
Defeat
🇭🇰 Burmese · Hong Kong SAR China
889
+14
🇨🇦 Byzantines · Canada
843
-14
bar2nice
7:14 Loom
10:01 Feudal Age
10:07 Man-at-Arms
15:12 Double-Bit Axe
15:14 Horse Collar
20:41 Castle Age
19:54 Gold Mining
brianon99
8:19 Loom
10:18 Feudal Age
16:24 Castle Age
21:00 Scale Barding Armor
25:39 Devotion
Connection lost

Rejoining the realm…

Still unreachable

The connection could not be restored.

Session expired

The server has moved on; the page needs a fresh start.